 Dungeon Crawl Stone Soup version 0.28-a0-1560-g060a6a1bfc (webtiles) character file.

Game seed: 15271958357722601019

18 BritishOli the Ducker (level 2, -6/22 HPs)
             Began as a Demonspawn Gladiator on Jan 19, 2022.
             Mangled by a worm (7 damage)
             ... on level 2 of the Dungeon.
             The game lasted 00:01:05 (1924 turns).

BritishOli the Ducker (Demonspawn Gladiator)        Turns: 1924, Time: 00:01:05

Health: -6/22      AC:  3    Str: 14    XL:     2   Next: 51%
Magic:  2/2        EV: 12    Int:  9    God:
Gold:   47         SH:  0    Dex: 14    Spells: 1/1 levels left

rFire   . . .      SeeInvis .   a - +0 long sword
rCold   . . .      Faith    .   (no shield)
rNeg    . . .      Spirit   .   b - +0 leather armour
rPois   .          Reflect  .   (helmet restricted)
rElec   .          Harm     .   (no cloak)
rCorr   .          Rampage  .   (no gloves)
Will    .....                   (no boots)
Stlth   +.........              (no amulet)
HPRegen 0.07/turn               (no ring)
MPRegen 0.08/turn               (no ring)

@: no status effects
A: horns 1
a: no special abilities


You were on level 2 of the Dungeon.
You visited 1 branch of the dungeon, and saw 2 of its levels.

You collected 47 gold pieces.

Inventory:

Hand Weapons
 a - a +0 long sword (weapon)
Missiles
 d - 3 throwing nets (quivered)
 i - 5 boomerangs
Armour
 b - a +0 leather armour (worn)
 c - a +0 helmet
 q - a +0 cloak
Jewellery
 k - an amulet of reflection
Scrolls
 f - a scroll of fear {unknown}
 g - 2 scrolls of identify {unknown}
 j - 3 scrolls of enchant weapon {unknown}
 m - 2 scrolls of teleportation {unknown}
 n - a scroll of immolation {unknown}
 o - 3 scrolls of vulnerability {unknown}
Potions
 e - 2 potions of cancellation {unknown}
 h - 2 potions of heal wounds {unknown}
 l - 2 potions of curing {unknown}
 p - a potion of resistance {unknown}


   Skills:
 + Level 2.3 Fighting
 + Level 2.9 Long Blades
 + Level 2.1 Throwing
 + Level 2.9 Dodging


You had one spell level left.
You didn't know any spells.
Your spell library contained the following spells:

 Spells                   Type           Power      Damage    Failure   Level
 Pain                     Necr           0%         1d4       45%         1
 Call Canine Familiar     Summ           0%         N/A       83%         3
 Portal Projectile        Hex/Tloc       0%         N/A       83%         3
 Leda's Liquefaction      Hex/Erth       0%         N/A       99%         4
 Agony                    Necr           0%         N/A       100%        5
 Excruciating Wounds      Necr           0%         N/A       100%        5


Dungeon Overview and Level Annotations

Branches:
Dungeon (2/15)

Altars:

Shops:
D:1 *


Innate Abilities, Weirdness & Mutations

You have a pair of small horns on your head.


Message History

You slash the rat!
You kill the rat!
The endoplasm hits you.
You hit the endoplasm.
You kill the endoplasm!
No target in view!
No target in view!
There is a stone staircase leading up here.
You see here a +0 cloak.
q - a +0 cloak
There is a stone staircase leading up here.
You see here 17 stones. 2 worms come into view.
Found a scale mail.
There are no items here.
Found a leather armour.
You barely miss the worm. You headbutt the worm.
The worm is moderately wounded.
The worm closely misses you.
You hit the worm.
The worm is moderately wounded.
The worm bites you! The worm barely misses you.
You barely miss the worm.
The worm is moderately wounded.
The worm barely misses you. The worm closely misses you.
You barely miss the worm.
The worm is moderately wounded.
You hit the worm.
The worm is moderately wounded.
The worm bites you. x2
* * * LOW HITPOINT WARNING * * *
You are too injured to fight recklessly!
You are too injured to fight recklessly!
You are too injured to fight recklessly!
The worm bites you.
* * * LOW HITPOINT WARNING * * *
You hit the worm.
The worm is moderately wounded.
The worm bites you!
You die...

###.##....#.######........#
#.#.†.#...<....#........#
#.#.#.#####..#.#.##'#####
#...#.###....#.#.##......
###....##....#.#.########
###..#######.#.#
#..........#..
#.#################
#...@ww...........#
#######...........#
#..(......... #.###.###..##
#.#[[.$[# #.##.!.##
#.#..... #.####### #..


You could see 2 worms.

Vanquished Creatures
  A dart slug (D:1)
  2 endoplasms
  3 goblins
  3 kobolds
  A ball python (D:1)
  2 bats (D:1)
  3 frilled lizards
  3 rats
18 creatures vanquished.

Notes
Turn   | Place    | Note
-------+----------+-------------------------------------------
     0 | D:1      | BritishOli the Demonspawn Gladiator began the quest for the
                  | Orb.
     0 | D:1      | Reached XP level 1. HP: 16/16 MP: 1/1
    70 | D:1      | Found Kici's Assorted Antiques.
   544 | D:1      | Found a faded altar of an unknown god.
   603 | D:1      | Gained mutation: You have a pair of small horns on your
                  | head. [demonic ancestry]
   603 | D:1      | Reached XP level 2. HP: 17/22 MP: 2/2
  1923 | D:2      | HP: 1/22 [worm (6)]
  1924 | D:2      | Mangled by a worm

Illustrated notes

Levels and vault maps discovered:
D:1:      dpeg_arrival_castle, layout_basic,
          shapermc_ecumenical_altar_totnotflames, serial_shops, shop
D:2:      minmay_skewed_foursquare, layout_basic, minmay_split_cup_large

Skill      XL: |  1 |
---------------+----+-----
Throwing       | 2 |  2.1
Fighting       | |  2.3
Long Blades    | |  2.9
Dodging        | |  2.9

Action                   || total
-------------------------++-------
Melee: Long sword        ||    53
       Punch             ||     2
       Headbutt          ||     1
Armor: Leather armour    ||    17
Dodge: Dodged            ||    35

Table legend: (Time is in decaauts)
 A = Elapsed time spent in this place.
 B = Non-inter-level travel time spent in this place.
 C = Inter-level travel time spent in this place.
 D = Time resting spent in this place.
 E = Time spent auto-exploring this place.
 F = Levels seen in this place.
 G = Mean time per level.
                   A        B        C        D        E       F      G
               +--------+--------+--------+--------+--------+-----+--------+
         Total |   1943 |   1855 |     88 |      0 |   1644 |   2 |  971.5 |
       Dungeon |   1943 |   1855 |     88 |      0 |   1644 |   2 |  971.5 |
               +--------+--------+--------+--------+--------+-----+--------+

Top non-repeatable levels by time:
     D:1: 1339 daAuts
     D:2: 604 daAuts
